 Dungeon Crawl Stone Soup version 0.17-a0-744-gaa96792 (webtiles) character file.

129 kroki the Ruffian (level 4, -2/39 HPs)
             Began as a Troll Air Elementalist on Apr 21, 2015.
             Killed from afar by an orc wizard (9 damage)
             ... with a puff of frost
             ... on level 3 of the Dungeon.
             The game lasted 00:03:19 (1574 turns).

kroki the Ruffian (Troll Air Elementalist)          Turns: 1574, Time: 00:03:19

Health: -2/39      AC:  6    Str: 16    XL:     4   Next: 88%
Magic:  4/4        EV: 10    Int: 11    God:
Gold:   175        SH:  0    Dex: 11    Spells: 1 memorised, 4 levels left

rFire  . . .     SeeInvis .       - Unarmed
rCold  . . .     Clarity  .     a - +1 robe
rNeg   . . .     SustAb   .     (no shield)
rPois  .         Gourm    +     (helmet restricted)
rElec  .         Spirit   .     (no cloak)
rCorr  .         Warding  .     (gloves unavailable)
rMut   .         Stasis   .     (boots unavailable)
MR     .....                    (no amulet)
Stlth  +.........               (no ring)
                                (no ring)

@: flying, not resistant to hostile enchantments, very unstealthy
A: unfitting armour, claws 3, fast metabolism 3, gourmand, regeneration 2,
shaggy fur 1, tough skin 2
a: no special abilities


You were on level 3 of the Dungeon.
You were completely stuffed.

You visited 1 branch of the dungeon, and saw 3 of its levels.

You collected 175 gold pieces.

Inventory:

Missiles
 j - 94 stones (quivered)
Armour
 a - a +1 robe (worn)
Jewellery
 k - a cursed ring of teleportation
   (You found it on level 1 of the Dungeon)
Scrolls
 i - a scroll of enchant armour
Potions
 d - a potion of heal wounds {unknown}
 f - a potion of flight
 g - a potion of invisibility {unknown}
 l - a potion of brilliance {unknown}
Books
 b - a book of Air

   Spells                             Type                      Level
   a - Shock                          Conjuration/Air              1
   b - Swiftness                      Charms/Air                   2
   c - Repel Missiles                 Charms/Air                   2
   d - Flight                         Charms/Air                   3
   e - Static Discharge               Conjuration/Air              3
   f - Lightning Bolt                 Conjuration/Air              5
Comestibles
 c - 2 bread rations
 h - 4 chunks of flesh


   Skills:
 - Level 1.5 Dodging
 - Level 1.1 Stealth
 + Level 4.6 Unarmed Combat
 - Level 1.2 Spellcasting
 - Level 0.6 Conjurations
 - Level 2.0 Air Magic


You had 4 spell levels left.
You knew the following spells:

 Your Spells              Type           Power        Failure   Level  Hunger
a - Shock                 Conj/Air       #...         21%         1    ##.....


Dungeon Overview and Level Annotations

Branches:
Dungeon (3/15)

Altars:
Gozag
Makhleb


Innate Abilities, Weirdness & Mutations

You are too large for most types of armour.
You have claws for hands.
Your metabolism is lightning-fast.
You like to eat raw meat.
You heal very quickly.
You are covered in fur (AC +1).
You have very tough skin (AC +2).


Message History

The orc closely misses you.
You scratch the orc.
You kill the orc!
You closely miss the orc. The orc hits you with a hand axe. The orc misses you.
You scratch the orc.
The orc begins to bleed from its wounds!
The orc is moderately wounded.
The orc closely misses you.
The orc wizard casts a spell.
The orc wizard seems to speed up.
The orc hits you but does no damage.
You claw the orc!
You kill the orc!
The orc wizard mumbles some strange words.
The orc wizard flickers and vanishes!
Deactivating autopickup; reactivate with Ctrl-A.
The orc barely misses you. The hobgoblin closely misses you.
Found 27 bolts.
Items here: % )) [ a hand axe; a ring mail; a club; an orc corpse Unknown command.
You closely miss something. You claw something. Something hits you.
The hobgoblin barely misses you.
You scratch something but do no damage. Something hits you.
The orc closely misses you. The hobgoblin hits you with a club.
Something hits you but does no damage.
Unknown command.
You scratch something.
The orc hits you from afar with a trident of protection.
Something hits you but does no damage. The hobgoblin completely misses you.
You miss something. Something hits you but does no damage.
The orc hits you but does no damage. Something hits you.
The hobgoblin closely misses you.
You scratch something but do no damage. Something hits you.
The orc closely misses you.
You scratch something.
You hear some strange, mumbled words.
You feel troubled. The hobgoblin barely misses you. The orc closely misses you.
Something hits you.
You scratch something but do no damage.
The hobgoblin hits you but does no damage.
Something hits you.
The orc hits you from afar with a trident of protection.
Unknown command.
The hobgoblin closely misses you. Something hits you but does no damage.
The hobgoblin barely misses you. Something hits you.
You hear some strange, mumbled words.
A puff of flame appears from out of thin air!
The puff of flame hits you!
* * * LOW HITPOINT WARNING * * *
Drink which item? (? for menu, Esc to quit)
Okay, then.
Drink which item? (? for menu, Esc to quit)
It was a potion of flight.
You feel very buoyant.
You fly up into the air.
Something hits you.
* * * LOW HITPOINT WARNING * * *
Something hits you.
* * * LOW HITPOINT WARNING * * *
You hear some strange, mumbled words.
A puff of frost appears from out of thin air!
The puff of frost hits you!
You die...

### #.. #.# #.#
################.#
#.......@..o.g...#
#.......#######.)#
#.......##
#(...........
#........#
#.#..#...##.
#........#
#.#....#.#
#........# .
...#.. #
#..[.....#
......####
####.[##..........
#..# ###>......


You could see an orc and a hobgoblin.

Vanquished Creatures
  Ijyb (D:2)
  Jessica (D:2)
  2 adders
  A gnoll (D:1)
  An ooze (D:2)
  2 orcs (D:3)
  A ball python (D:1)
  5 hobgoblins (D:1)
  2 quokkas
  8 bats
  3 giant geckos
  3 giant newts (D:1)
  4 goblins
  4 jackals (D:1)
  A kobold (D:2)
  3 rats
42 creatures vanquished.

Notes
Turn   | Place    | Note
--------------------------------------------------------------
     0 | D:1      | kroki, the Troll Air Elementalist, began the quest for the Orb.
     0 | D:1      | Reached XP level 1. HP: 16/16 MP: 1/1
    94 | D:1      | Reached skill level 1 in Unarmed Combat
   108 | D:1      | Reached XP level 2. HP: 12/24 MP: 2/2
   262 | D:1      | Reached skill level 2 in Unarmed Combat
   560 | D:1      | Reached XP level 3. HP: 31/31 MP: 3/3
   899 | D:2      | Noticed Jessica
   910 | D:2      | Killed Jessica
   910 | D:2      | Reached skill level 3 in Unarmed Combat
  1080 | D:2      | Reached XP level 4. HP: 36/39 MP: 4/4
  1203 | D:2      | Found a burning altar of Makhleb.
  1229 | D:2      | Found an opulent altar of Gozag.
  1365 | D:2      | Noticed Ijyb
  1380 | D:2      | Killed Ijyb
  1380 | D:2      | Reached skill level 4 in Unarmed Combat
  1574 | D:3      | Killed from afar by an orc wizard

Action                   |  1- 3 |  4- 6 || total
-------------------------+-------+-------++-------
Melee: Unarmed           |   106 |    48 ||   154
Throw: Stone             |     7 |       ||     7
  Use: Scroll            |     3 |     2 ||     5
       Potion            |       |     1 ||     1
  Eat: Chunk             |    15 |     5 ||    20
